Match 41220187
Unlisted

Match 41220187
End
Vickers Machine Gun Team
Construct Section Command Post
Selects Canadian Shock Battlegroup
Infantry Section
Dingo Light Scout Car
Infantry Section
Selects Attacking Spirit
Construct Platoon Command Post
Selects Canadian Shock Section
Selects Incendiary Munitions
ndydfeixing
TheTableau
Khora
Spaghetti
Nozshand
MisterMattress
0
0

Comments sign in to comment!

No comments posted yet!